 Dungeon Crawl Stone Soup version 0.18.0-2-g198d6d4 (webtiles) character file.

26 dvd the Gusty (level 3, 0/19 HPs)
             Began as a Tengu Air Elementalist on May 5, 2016.
             Slain by a gnoll
             ... wielding a cursed -1 halberd
              (6 damage)
             ... on level 2 of the Dungeon.
             The game lasted 00:03:47 (1487 turns).

dvd the Gusty (Tengu Air Elementalist)              Turns: 1487, Time: 00:03:48

Health: 0/19       AC:  4    Str:  8    XL:     3   Next: 8%
Magic:  6/7        EV:  8    Int: 16    God:
Gold:   68         SH:  0    Dex: 14    Spells: 2 memorised, 3 levels left

rFire  . . .     SeeInvis .     (no weapon)
rCold  . . .     Gourm    .     a - +0 robe
rNeg   . . .     Faith    .     (no shield)
rPois  +         Spirit   .     (helmet restricted)
rElec  .         Dismiss  .     g - +0 cloak (curse)
rCorr  .         Reflect  .     o - +0 pair of gloves
SustAt .         Harm     .     (boots unavailable)
MR     .....                    (no amulet)
Stlth  ++........               (no ring)
                                r - ring of poison resistance

@: repel missiles, not resistant to hostile enchantments, unstealthy
A: beak, talons 3
a: no special abilities


You were on level 2 of the Dungeon.
You were not hungry.

You visited 1 branch of the dungeon, and saw 2 of its levels.

You collected 68 gold pieces.

Inventory:

Armour
 a - a +0 robe (worn)
 g - a cursed +0 cloak (worn)
 o - a +0 pair of gloves (worn)
Jewellery
 r - a ring of poison resistance (left hand)
Scrolls
 e - a scroll of teleportation {unknown}
 h - a scroll of amnesia {unknown}
 i - 3 scrolls of identify {unknown}
 m - a scroll of magic mapping {unknown}
Potions
 f - a potion of lignification {unknown}
 j - a potion of flight {unknown}
 k - a potion of degeneration {unknown}
 l - 2 potions of brilliance {unknown}
 n - 2 potions of ambrosia {unknown}
 q - 2 potions of resistance {unknown}
Books
 b - a book of Air

   Spells                             Type                      Level
   a - Shock                          Conjuration/Air              1
   b - Swiftness                      Charms/Air                   2
   c - Repel Missiles                 Charms/Air                   2
   d - Static Discharge               Conjuration/Air              3
   e - Lightning Bolt                 Conjuration/Air              5
Comestibles
 c - 2 bread rations
 d - 6 fruits
 p - 3 chunks of flesh


   Skills:
 + Level 2.4 Dodging
 + Level 2.1 Stealth
 + Level 2.2 Spellcasting
 + Level 1.5 Conjurations
 + Level 4.9 Air Magic


You had 3 spell levels left.
You knew the following spells:

 Your Spells              Type           Power        Failure   Level  Hunger
a - Shock                 Conj/Air       ##..         8%          1    #......
b - Repel Missiles        Chrm/Air       #.....       12%         2    ###....


Dungeon Overview and Level Annotations

Branches:
Dungeon (2/15)

Altars:
Makhleb
Trog

Annotations:
D:2 Sigmund


Innate Abilities, Weirdness & Mutations

You have a beak for a mouth.
You have claws for feet.


Message History

The zap hits the gnoll.
The gnoll is severely wounded.
The zap hits Sigmund.
Sigmund is lightly wounded.
The gnoll shouts!
Unknown command.
Sigmund screams, "Die, monster!"
There is a stone staircase leading up here.
Casting: Shock
Confirm with . or Enter, or press ? or * to list all spells.
Aiming: Shock
Press: ? - help, Shift-Dir - straight line, f/p - Sigmund
Aim: Sigmund, wielding a scythe and wearing a robe (lightly wounded)
The zap misses the gnoll.
The zap hits Sigmund.
Sigmund is moderately wounded.
The gnoll hits you from afar with a halberd!
Ouch! That really hurt!
Unknown command.
The gnoll hits you from afar with a halberd.
You die...

.. #....?.....##
..#####.###.##._..#
#+#...##.# #.##g...#
####.#...##.#
#..g#.#.#
........##.#
###.#.@.#
##.........# #.#.###
##..........#####.#.#
.........g@........>#
#....@.g.g......###
##.#...##########
#.#####.#...#
#.........###
######.### #.# #.#
########## #.######
#........#
#.##...###.######.#


You could see Sigmund and 3 gnolls.

Vanquished Creatures
  An ooze (D:2)
  A dart slug (D:2)
  A giant gecko (D:1)
  2 ball pythons (D:1)
  4 goblins
  A quokka (D:2)
  5 bats
  A kobold (D:1)
  3 rats
19 creatures vanquished.

Notes
Turn   | Place    | Note
--------------------------------------------------------------
     0 | D:1      | dvd the Tengu Air Elementalist began the quest for the Orb.
     0 | D:1      | Reached XP level 1. HP: 10/10 MP: 4/4
   320 | D:1      | Reached XP level 2. HP: 11/15 MP: 1/6
   752 | D:1      | Learned a level 2 spell: Repel Missiles
  1309 | D:2      | Reached XP level 3. HP: 19/19 MP: 4/7
  1315 | D:2      | Found a burning altar of Makhleb.
  1455 | D:2      | Found a bloodstained altar of Trog.
  1466 | D:2      | Noticed Sigmund
  1487 | D:2      | Slain by a gnoll

Action                   || total
-------------------------++-------
Melee: Unarmed           ||     9
       Kick              ||     2
       Peck              ||     1
 Cast: Shock             ||    42
       Repel Missiles    ||     1
 Stab: Sleeping          ||     2
  Eat: Chunk             ||     2
Armor: Robe              ||     3
Dodge: Dodged            ||    10
       Deflected         ||     1
